 Dungeon Crawl Stone Soup version 0.18.1-50-g88ac8fd (webtiles) character file.

1338 HODOR the Archer (level 8, 0/61 HPs)
             Began as a Centaur Hunter on Oct 1, 2016.
             Was an Initiate of Makhleb.
             Slain by a killer bee (4 damage)
             ... on level 8 of the Dungeon.
             The game lasted 00:42:02 (8217 turns).

HODOR the Archer (Centaur Hunter)                   Turns: 8217, Time: 00:42:04

Health: 0/61       AC:  4    Str: 15 (18) XL:     8   Next: 35%
Magic:  0/8        EV: 10    Int:  8 (10) God:    Makhleb [......]
Gold:   259        SH:  0    Dex:  9 (11) Spells: 0 memorised, 7 levels left

rFire  . . .     SeeInvis .     b - +0 short sword
rCold  + . .     Gourm    .     C - +0 leather armour
rNeg   . . .     Faith    .     (no shield)
rPois  .         Spirit   +     (no helmet)
rElec  .         Dismiss  .     (no cloak)
rCorr  .         Reflect  .     (no gloves)
SustAt .         Harm     .     (no barding)
MR     .....                    w - amulet of guardian spirit
Stlth  +.........               B - ring of protection from cold
                                u - +2 ring of strength

@: lethally poisoned (0 -> -7), very quick, not resistant to hostile
enchantments, very unstealthy
A: hooves 3, deformed body, speed 2, tough skin 3
a: Renounce Religion


You were on level 8 of the Dungeon.
You worshipped Makhleb.
Makhleb was noncommittal.
You were full.

You visited 1 branch of the dungeon, and saw 8 of its levels.

You collected 259 gold pieces.

Inventory:

Hand Weapons
 a - a +1 shortbow
 b - a +0 short sword (weapon)
Missiles
 d - 15 arrows
Armour
 C - a +0 leather armour (worn)
Jewellery
 u - a +2 ring of strength (left hand)
 w - an amulet of guardian spirit (around neck)
 B - a ring of protection from cold (right hand)
Wands
 y - a wand of digging (11/24)
 F - a wand of flame (25/48)
Scrolls
 c - a scroll of immolation {unknown}
 e - 2 scrolls of enchant weapon {unknown}
 j - a scroll of fear {unknown}
 m - a scroll of random uselessness {unknown}
 r - a scroll of noise {unknown}
 s - 6 scrolls of identify {unknown}
 t - 2 scrolls of fog {unknown}
 v - 4 scrolls of remove curse {unknown}
 x - a scroll of magic mapping {unknown}
 A - a scroll of recharging {unknown}
Potions
 i - a potion of degeneration
 z - a potion of mutation {unknown}
 D - a potion of agility {unknown}
 E - 2 potions of cure mutation {unknown}
 G - a potion of might
Books
 H - a Fen Folio

   Spells                             Type                      Level
   a - Corpse Rot                     Necromancy                   2
   b - Stone Arrow                    Conjuration/Earth            3
   c - Leda's Liquefaction            Hexes/Earth                  4
   d - Summon Forest                  Summoning/Translocation      5
   e - Hydra Form                     Transmutation                6
   f - Summon Hydra                   Summoning                    7
Miscellaneous
 l - a plain deck of summoning
Comestibles
 f - 5 bread rations
 g - 4 fruits
 k - a meat ration


   Skills:
 - Level 2.0 Fighting
 + Level 0.8 Short Blades
 + Level 12.1 Bows
 + Level 2.7 Armour
 + Level 2.6 Dodging
 + Level 1.1 Stealth


You had 7 spell levels left.
You didn't know any spells.

Dungeon Overview and Level Annotations

Branches:
Dungeon (9/15)             Temple (0/1) D:5
   Lair: D:8-11         Orc: D:9-12

Altars:
Elyvilon
Makhleb
Nemelex Xobeh
Okawaru
Ru
Trog
Xom
Yredelemnul


Innate Abilities, Weirdness & Mutations

You have hooves in place of feet.
Armour fits poorly on your strangely shaped body.
You cover ground very quickly.
You have extremely tough skin (AC +3).


Message History

You are poisoned.
The killer bee poisons you! The killer bee closely misses you.
You barely miss the killer bee. Your kick misses the killer bee.
The killer bee is moderately wounded.
You feel sick. The killer bee stings you.
* * * LOW HITPOINT WARNING * * *
You are lethally poisoned!
The killer bee poisons you! The killer bee misses you.
You hit the killer bee but do no damage.
Your kick misses the killer bee.
The killer bee is moderately wounded.
* * * LOW HITPOINT WARNING * * *
You feel sick. The killer bee barely misses you. x2
You hit the killer bee. Your kick misses the killer bee.
The killer bee is severely wounded.
* * * LOW HITPOINT WARNING * * *
You feel sick.
The killer bee stings you but does no damage.
The killer bee stings you.
You die...

##### ##...##
#.....##
#...... #
#.....##[#
#####..y>...#
#......@....#
#.####..###.#
#..# # ...#
###.# #.# ...
###


You could see a killer bee.

Vanquished Creatures
  Grinder (D:3)
  An ice beast (D:5)
  An ogre (D:5)
  A centaur (D:5)
  A big kobold (D:9)
  A giant frog (D:6)
  A scorpion (D:6)
  A crimson imp (D:6)
  2 hounds
  5 orc priests
  A jelly (D:5)
  4 orc wizards
  Natasha (D:3)
  3 worker ants
  2 hound skeletons
  5 adders
  2 oozes
  3 worms
  3 dart slugs
  2 giant geckos
  17 orcs
  4 giant cockroaches
  6 goblins
  8 hobgoblins
  12 jackals
  15 kobolds
  7 quokkas
  A ball python (D:3)
  5 bats
  8 giant newts
  A jackal skeleton (D:6)
  A quokka skeleton (D:4)
  A quokka zombie (D:5)
  10 rats
  A spectral orc (D:2)
138 creatures vanquished.

Notes
Turn   | Place    | Note
--------------------------------------------------------------
     0 | D:1      | HODOR the Centaur Hunter began the quest for the Orb.
     0 | D:1      | Reached XP level 1. HP: 17/17 MP: 1/1
   352 | D:1      | Found a sparkling altar of Nemelex Xobeh.
   447 | D:1      | Reached XP level 2. HP: 24/24 MP: 2/2
   703 | D:1      | Reached skill level 6 in Bows
  1390 | D:2      | Reached XP level 3. HP: 29/29 MP: 3/3
  1820 | D:2      | Found a basalt altar of Yredelemnul.
  2094 | D:2      | Reached skill level 7 in Bows
  2437 | D:3      | Found an iron altar of Okawaru.
  2602 | D:3      | Reached XP level 4. HP: 36/36 MP: 4/4
  2842 | D:3      | Found a bloodstained altar of Trog.
  3432 | D:3      | Noticed Natasha
  3452 | D:3      | Killed Natasha
  3452 | D:3      | Reached skill level 8 in Bows
  3452 | D:3      | Reached XP level 5. HP: 28/41 MP: 2/5
  3952 | D:3      | Reached skill level 1 in Armour
  4020 | D:3      | Found a white marble altar of Elyvilon.
  4086 | D:3      | Noticed Grinder
  4140 | D:3      | Killed Grinder
  4140 | D:3      | Reached skill level 9 in Bows
  4140 | D:3      | Reached XP level 6. HP: 37/48 MP: 6/6
  4602 | D:4      | Found a sacrificial altar of Ru.
  4620 | D:4      | Reached XP level 7. HP: 39/55 MP: 4/7
  4796 | D:4      | Reached skill level 10 in Bows
  5616 | D:5      | Entered Level 5 of the Dungeon
  5670 | D:5      | Found a sparkling altar of Nemelex Xobeh.
  5890 | D:5      | Reached skill level 11 in Bows
  6157 | D:5      | Found a staircase to the Ecumenical Temple.
  6564 | D:6      | Reached skill level 1 in Stealth
  6564 | D:6      | Reached XP level 8. HP: 53/61 MP: 6/8
  6941 | D:6      | Found a burning altar of Makhleb.
  7176 | D:6      | Became a worshipper of Makhleb the Destroyer
  7237 | D:6      | Found a shimmering altar of Xom.
  7512 | D:5      | Reached skill level 12 in Bows
  7761 | D:6      | You fall through a shaft for 3 floors!
  8217 | D:8      | Slain by a killer bee

Skill      XL: |  1  2  3  4  5  6  7  8 |
---------------+-------------------------+-----
Bows           | 6 7 8 9 11 12 | 12.1
Armour         | 1 2 |  2.7
Dodging        | 2 |  2.6
Stealth        | 1 |  1.1
Fighting       | |  2.0
Short Blades   | |  0.8

Action                   |  1- 3 |  4- 6 |  7- 9 || total
-------------------------+-------+-------+-------++-------
Melee: Short sword       |    14 |    35 |   115 ||   164
       Kick              |     6 |     8 |    21 ||    35
 Fire: Shortbow          |   138 |   132 |   174 ||   444
  Use: Potion            |       |       |     9 ||     9
  Eat: Chunk             |     1 |     3 |     3 ||     7
       Bread ration      |     1 |       |       ||     1
       Pizza             |       |       |     1 ||     1
       Meat ration       |       |       |     2 ||     2
Armor: Leather armour    |    17 |    17 |    37 ||    71
Dodge: Dodged            |    16 |    30 |    86 ||   132
